 Dungeon Crawl Stone Soup version 0.23-a0-261-g133332c (console) character file.

2475 bli the Chiller (level 9, -1/67 HPs)
             Began as a Barachi Ice Elementalist on Sept 29, 2018.
             Was an Initiate of Cheibriados.
             Killed from afar by an orc wizard (9 damage)
             ... with a puff of frost
             ... on level 7 of the Dungeon.
             The game lasted 00:42:58 (6426 turns).

bli the Chiller (Barachi Ice Elementalist)          Turns: 6426, Time: 00:42:59

Health: -1/67      AC:  7    Str: 14    XL:     9   Next: 51%
Magic:  0/19       EV:  2    Int: 16    God:    Cheibriados [......]
Gold:   373        SH:  0    Dex: -2 (14) Spells: 19/22 levels left

rFire    . . .     SeeInvis .   I - +2 halberd (flame)
rCold    . . .     Gourm    .   (shield currently unavailable)
rNeg     . . .     Faith    .   o - +0 troll leather armour
rPois    +         Spirit   +   r - +0 helmet
rElec    .         Reflect  .   (no cloak)
rCorr    .         Harm     .   L - +0 pair of gloves
MR       .....                  (no boots)
Stlth    ..........             d - amulet of guardian spirit
HPRegen  0.61/turn              K - ring of poison resistance
MPRegen  0.16/turn              (no ring)

@: slowed, lost dexterity, very slow
A: +LOS, swims, slowness 1, strong legs 1
a: Hop, Bend Time, Renounce Religion


You were on level 7 of the Dungeon.
You worshipped Cheibriados.
Cheibriados was noncommittal.
You were very hungry.

You visited 2 branches of the dungeon, and saw 8 of its levels.

You collected 373 gold pieces.

Inventory:

Hand Weapons
 a - a +2 dagger of draining
 b - a +3 mace
 e - a +0 hand axe
 h - a +1 dagger of chaos
 q - a +0 dagger
 s - a +0 short sword
 w - a +0 war axe
 x - a +0 falchion
 E - a +0 halberd
 I - a +2 halberd of flaming (weapon)
 M - a +0 dagger of distortion
Missiles
 g - 158 stones (quivered)
Armour
 o - a +0 troll leather armour (worn)
 p - a +0 robe
 r - a +0 helmet (worn)
 v - a +2 plate armour of magic resistance
 L - a +0 pair of gloves (worn)
Jewellery
 d - an amulet of guardian spirit (around neck)
 f - an uncursed amulet of magic regeneration
 K - a ring of poison resistance (left hand)
Wands
 G - a wand of polymorph (9)
 J - a wand of paralysis (12)
Scrolls
 j - 3 scrolls of fear {unknown}
 k - 6 scrolls of remove curse
 n - 4 scrolls of teleportation {unknown}
 u - 5 scrolls of amnesia
 y - 3 scrolls of enchant weapon
 B - 2 scrolls of blinking {unknown}
 C - a scroll of immolation {unknown}
 D - a scroll of fog
Potions
 i - a potion of ambrosia
 l - 3 potions of curing {unknown}
 m - a potion of berserk rage
 t - 2 potions of mutation {unknown}
 z - a potion of heal wounds
 A - a potion of invisibility
 F - a potion of agility
 H - a potion of might
Comestibles
 c - 14 rations


   Skills:
 * Level 4.9 Fighting
 + Level 0.4 Short Blades
 + Level 1.4 Maces & Flails
 * Level 6.2 Armour
 + Level 5.2 Dodging
 + Level 2.4 Stealth
 + Level 7.2 Spellcasting
 + Level 2.7 Conjurations
 + Level 7.5 Ice Magic


You had 19 spell levels left.
You knew the following spells:

 Your Spells              Type           Power        Failure   Level  Hunger
a - Freeze                Ice            ####         1%          1    None
b - Throw Frost           Conj/Ice       ###...       2%          2    None

Your spell library contained the following spells:

 Spells                   Type           Power        Failure   Level  Hunger
 Ozocubu's Armour         Chrm/Ice       ###.....     10%         3    ##.....
 Throw Icicle             Conj/Ice       ###.....     19%         4    ####...
 Summon Ice Beast         Ice/Summ       ###.....     32%         4    ####...


Dungeon Overview and Level Annotations

Branches:
Dungeon (7/15)             Temple (1/1) D:6

Altars:
Cheibriados
Makhleb
Qazlal
Xom
Zin

Annotations:
D:6 3 runed doors, CasualChangeling's ghost, novice KoAs


Innate Abilities, Weirdness & Mutations

Shadows flee at your approach. (+LOS)
You can swim through water.
You cover ground slowly.
You can hop short distances.


Message History

You hear some strange, mumbled words.
A magic dart appears from out of thin air!
The magic dart hits you!
The orc hits you with a flail of protection.
* * * LOW HITPOINT WARNING * * *
The orc priest mumbles some strange prayers to Beogh against you.
Pain shoots through your body!
* * * LOW HITPOINT WARNING * * *
Casting: Freeze (safe; 1% risk of failure)
Confirm with . or Enter, or press ? or * to list all spells.
Aiming: Freeze (safe; 1% risk of failure)
Press: ? - help, Shift-Dir - straight line, f/p - orc priest
Aim: an orc priest, wielding a short sword and wearing a leather armour (almost You freeze the orc priest.
You kill the orc priest!
Cheibriados appreciates the change of pace.
You hear some strange, mumbled words.
A puff of frost appears from out of thin air!
Helpless, you fail to dodge the puff of frost.
You die...

......# ###<....# #...
#... ..#.....# #... #..#
.# #.#..... #... #..##.#
#.#.#..# #.)..#..##.#
#.#.#..# #....#..##.#
#.#.#..#
#(...#..##.###.#.#..#
....>..##.#........#
#.)o.##.#.#.#.#.##
....#.Z@.##.#.#.#.#.#
.......){....#.#.#.#.#
##.....#..##.#+#.#.#.####
.......##.##.......#.....
###... #..#....#########
..... ...#........)....
..... ##...############
####. ##..# . #..# ##>#
###


You could see an orc and a hound skeleton.

Vanquished Creatures
  An orc warrior (D:6)
  An ice beast (D:5)
  A sky beast (D:6)
  A necrophage (D:2)
  3 ogres
  4 centaurs
  A big kobold (D:7)
  2 bullfrogs (D:6)
  Blork the orc (D:6)
  A gnoll sergeant (D:7)
  2 howler monkeys
  2 bullfrog zombies (D:6)
  2 crimson imps
  2 quasits
  A centaur zombie (D:6)
  2 jellies
  4 orc priests
  5 hounds
  5 orc wizards
  A bullfrog skeleton (D:4)
  A centaur skeleton (D:5)
  An iguana (D:5)
  4 worker ants
  A hound zombie (D:5)
  A worker ant zombie (D:6)
  8 gnolls
  An adder (D:3)
  A howler monkey skeleton (D:6)
  4 shadow imps
  A white imp (D:4)
  An ooze (D:1)
  An adder zombie (D:7)
  2 worms
  3 dart slugs
  6 leopard geckos
  22 orcs
  4 bats
  7 giant cockroaches
  9 goblins
  6 hobgoblins
  A jackal (D:5)
  8 kobolds
  2 quokkas
  6 frilled lizards
  A goblin zombie (D:6)
  A jackal skeleton (D:2)
  2 leopard gecko zombies
  A quokka skeleton (D:4)
  A quokka zombie (D:6)
  7 rats
  A butterfly (D:6)
157 creatures vanquished.

Notes
Turn   | Place    | Note
-------+----------+-------------------------------------------
     0 | D:1      | bli the Barachi Ice Elementalist began the quest for the
                  | Orb.
     0 | D:1      | Reached XP level 1. HP: 13/13 MP: 3/3
   145 | D:1      | Reached XP level 2. HP: 7/20 MP: 3/5
   495 | D:1      | Reached skill level 1 in Fighting
   557 | D:1      | Learned a level 2 spell: Throw Frost
   852 | D:2      | Reached XP level 3. HP: 22/26 MP: 5/7
  1109 | D:2      | Noticed a necrophage
  1123 | D:2      | Killed a necrophage
  1123 | D:2      | Reached skill level 1 in Armour
  1123 | D:2      | Reached XP level 4. HP: 18/31 MP: 7/9
  1123 | D:2      | Reached XP level 5. HP: 21/36 MP: 7/10
  2036 | D:3      | Noticed a centaur
  2043 | D:3      | Killed a centaur
  2043 | D:3      | Reached skill level 5 in Ice Magic
  2043 | D:3      | Reached XP level 6. HP: 32/43 MP: 8/12
  2505 | D:4      | Reached skill level 5 in Spellcasting
  2511 | D:4      | Reached XP level 7. HP: 49/49 MP: 3/14
  3441 | D:5      | Entered Level 5 of the Dungeon
  3734 | D:5      | Reached XP level 8. HP: 57/57 MP: 12/16
  4244 | D:5      | Found a shimmering altar of Xom.
  4251 | D:5      | Found a burning altar of Makhleb.
  4398 | D:5      | Reached skill level 5 in Armour
  4448 | D:6      | Noticed Blork the orc
  4507 | D:5      | Reached skill level 1 in Maces & Flails
  4737 | D:6      | Reached XP level 9. HP: 60/65 MP: 6/19
  4797 | D:6      | Killed Blork the orc
  4825 | D:6      | Lost dexterity.
  5082 | D:6      | Found a runed gate.
  5083 | D:6      | Found a runed gate.
  5084 | D:6      | Found a runed gate.
  5087 | D:6      | Noticed CasualChangeling's ghost (novice KoAs)
  5190 | D:6      | Reached skill level 5 in Dodging
  5508 | D:6      | Found a staircase to the Ecumenical Temple.
  5518 | Temple   | Entered the Ecumenical Temple
  5523 | Temple   | Became a worshipper of Cheibriados the Contemplative
  6032 | D:7      | Found a glowing silver altar of Zin.
  6076 | D:7      | HP: 3/66 [gnoll/halberd (10)]
  6426 | D:7      | Killed from afar by an orc wizard

Vault maps used:
D:1:      dpeg_arrival_stone_temple_mockup, minmay_domino_4
D:3:      kennysheep_six_static_rooms
D:4:      minmay_fire_ice_demons
D:5:      grunt_temple_overflow_champion_of_chaos, first_ration
D:6:      minmay_temple_entry_butterflies, enter_ossuary_4,
          ebering_ghost_rock_garden, st_stairs_10, grunt_ministairs_5,
          uniq_blork_the_orc
D:7:      nicolae_overflow_hidden_temple, grunt_ogre_cave
Temple:   nicolae_temple_elliptical

Skill      XL: |  1  2  3  4  5  6  7  8  9 |
---------------+----------------------------+-----
Ice Magic      | 4 5 6 7 |  7.5
Fighting       | 1 2 4 |  4.9
Spellcasting   | 3 4 5 6 7 |  7.2
Armour         | 1 2 4 5 6 |  6.2
Stealth        | 2 |  2.4
Conjurations   | 2 |  2.7
Dodging        | 3 4 5 |  5.2
Maces & Flails | 1 |  1.4
Short Blades   | |  0.4

Action                   |  1- 3 |  4- 6 |  7- 9 || total
-------------------------+-------+-------+-------++-------
Melee: Hand axe          |    27 |       |       ||    27
       Halberd           |     9 |    16 |    83 ||   108
       Mace              |       |    33 |   120 ||   153
       War axe           |       |       |     8 ||     8
       Dagger            |       |       |    99 ||    99
       Unarmed           |       |       |    11 ||    11
Throw: Stone             |    13 |    19 |    69 ||   101
 Cast: Freeze            |    24 |    24 |   102 ||   150
       Throw Frost       |     8 |    47 |    61 ||   116
 Abil: Hop               |     1 |       |     4 ||     5
Evoke: Wand              |       |       |     1 ||     1
  Use: Scroll            |       |       |     9 ||     9
       Potion            |       |       |     5 ||     5
  Eat: Chunk             |     2 |     6 |    12 ||    20
       Ration            |       |       |     2 ||     2
Armor: Leather armour    |     4 |       |       ||     4
       Troll leather arm |     2 |    29 |   379 ||   410
       Skin              |       |       |    84 ||    84
Dodge: Dodged            |    35 |    58 |   270 ||   363

Table legend:
 A = Non-vault XP
 B = Vault XP
 C = Vault XP percentage of total XP
 D = Non-vault monster count
 E = Vault monster count
 F = Vault count percentage of total count
                 A         B        C        D         E       F
            +---------+---------+-------+---------+---------+-------
      Total |    3054 |     483 |  13.7 |     136 |      20 |  12.8
            +---------+---------+-------+---------+---------+-------
        D:1 |      21 |       9 |  30.0 |      12 |       3 |  20.0
        D:2 |     207 |       0 |   0.0 |      22 |       0 |   0.0
        D:3 |     271 |      11 |   3.9 |      22 |       6 |  21.4
        D:4 |     515 |      58 |  10.1 |      29 |       2 |   6.5
        D:5 |     827 |      50 |   5.7 |      19 |       2 |   9.5
        D:6 |     914 |     242 |  20.9 |      20 |       6 |  23.1
        D:7 |     299 |     113 |  27.4 |      12 |       1 |   7.7
            +---------+---------+-------+---------+---------+-------
